 Dungeon Crawl Stone Soup version 0.29-a0-998-g1987434951 (webtiles) character file.

Game seed: 16812195868107143670

12373 xian the Markskobold (level 12, -12/74 HPs)
             Began as a Kobold Hunter on Aug 6, 2022.
             Was an Elder of Fedhas.
             Killed by vampiric draining
             ... invoked by a vampire
              (13 damage)
             ... on level 12 of the Dungeon.
             The game lasted 00:39:15 (14617 turns).

xian the Markskobold (Kobold Hunter)               Turns: 14617, Time: 00:39:15

Health: -12/74     AC: 20    Str: 17    XL:     12   Next: 19%
Magic:  11/14      EV: 16    Int: 14    God:    Fedhas [****..]
Gold:   749        SH:  0    Dex: 21    Spells: 11/11 levels left

rFire   + + .      SeeInvis .   k - +9 trident of Fear {vorpal, rPois rF+ Int+4}
rCold   + + .      Faith    .   (shield currently unavailable)
rNeg    . . .      Spirit   .   r - +7 Kryia's mail coat {PotionHeal*2 rC+}
rPois   +          Reflect  .   w - +2 helmet
rElec   .          Harm     .   (no cloak)
rCorr   .          Rampage  .   c - +1 pair of gloves "Foego" {Str+4}
Will    .....                   (no boots)
Stlth   +++.......              (no amulet)
HPRegen 0.22/turn               g - ring of protection from fire
MPRegen 0.14/turn               K - ring of protection from cold

@: hasted, very quick
A: small, no large weapons, nightstalker 3, mutation resistance 1, strong 1
a: Renounce Religion, Wall of Briars, Grow Ballistomycete, Overgrow


You were on level 12 of the Dungeon.
You worshipped Fedhas.
Fedhas was greatly pleased with you.
You visited 2 branches of the dungeon, and saw 13 of its levels.
You also visited: Ossuary.

You collected 749 gold pieces.

Inventory:

Hand Weapons
 a - a +1 vorpal shortbow
 k - the +9 trident of Fear (weapon) {vorpal, rPois rF+ Int+4}
   (You found it on level 7 of the Dungeon)

   It inflicts extra damage upon your enemies.
   Int:       It affects your intelligence (+4).
   rF:        It protects you from fire.
   rPois:     It protects you from poison.
 t - a +7 arbalest of flaming
Armour
 c - the +1 pair of gloves "Foego" (worn) {Str+4}
   (You found it on level 8 of the Dungeon)

   Str:       It affects your strength (+4).
 r - the +7 Kryia's mail coat (worn) {PotionHeal*2 rC+}
   (You acquired it on level 8 of the Dungeon)

   Potions are twice as effective at healing its wearer.
   rC:        It protects you from cold.
 w - a +2 helmet (worn)
Jewellery
 g - a ring of protection from fire (left hand)
 K - a ring of protection from cold (right hand)
Wands
 d - a wand of paralysis (13)
 v - a wand of polymorph (6)
 y - a wand of flame (18)
 C - a wand of digging (5)
 H - a wand of mindburst (7)
 L - a wand of roots (2)
Scrolls
 b - 2 scrolls of immolation
 e - 2 scrolls of summoning
 f - a scroll of enchant weapon
 i - 2 scrolls of vulnerability
 j - 2 scrolls of amnesia
 l - a scroll of magic mapping
 n - 2 scrolls of torment
 u - 2 scrolls of identify
 F - a scroll of enchant armour
 G - a scroll of poison
 I - a scroll of fear
Potions
 h - 2 potions of ambrosia
 m - a potion of magic
 p - 6 potions of mutation
 s - a potion of might
 x - 2 potions of brilliance
 z - a potion of cancellation
 B - 2 potions of flight
 E - a potion of lignification
Miscellaneous
 J - a piece from Xom's chessboard (15/15)


   Skills:
 + Level 8.2 Fighting
 + Level 3.0 Short Blades
 + Level 1.8 Polearms
 * Level 17.7 Ranged Weapons
 + Level 6.6 Armour
 + Level 6.2 Dodging
 + Level 4.0 Stealth
 + Level 3.2 Invocations


You had 11 spell levels left.
You didn't know any spells.
Your spell library contained the following spells:

 Spells                   Type           Power      Damage    Failure   Level
 Apportation              Tloc           0%         N/A       65%         1
 Foxfire                  Conj/Fire      0%         2x1d4     65%         1
 Necrotise                Necr           0%         1d4       65%         1
 Conjure Flame            Conj/Fire      0%         6-21      95%         3
 Inner Flame              Hex/Fire       0%         N/A       95%         3
 Vampiric Draining        Necr           0%         2d6       95%         3
 Animate Dead             Necr           0%         N/A       100%        4
 Flame Wave               Conj/Fire      0%         2d4       100%        4
 Agony                    Necr           0%         N/A       100%        5
 Alistair's Intoxication  Tmut/Pois      0%         N/A       100%        5
 Haunt                    Necr/Summ      0%         N/A       100%        7
 Infestation              Necr           0%         N/A       100%        8


Dungeon Overview and Level Annotations

Branches:
Dungeon (12/15)            Temple (1/1) D:4            Lair (0/5) D:11
    Orc (0/2) D:10        Ossuary (visited)

Altars:
Ashenzari
Elyvilon
Fedhas
Gozag
Hepliaklqana
Kikubaaqudgha
Nemelex Xobeh
Okawaru
Ru
Uskayaw
Vehumet
Wu Jian
Zin
The Shining One

Shops:
D:4 *   D:8 [   D:10 (

Annotations:
D:11 1 runed translucent door


Innate Abilities, Weirdness & Mutations

You are small and have problems with some larger weapons.
You are completely attuned to the shadows.
You are somewhat resistant to further mutation.
Your muscles are strong. (Str +4, Int/Dex -1)


Message History

Aim: a vampire (moderately damaged, 74% to hit)
You shoot a bolt. The bolt closely misses the vampire.
Unknown command.
Fire: t) +7 arbalest (flame)
Press: ? - help, Q - select action, (/) - cycle Shift-Dir - straight line, f/p - vampire
Aim: a vampire (moderately damaged, 74% to hit)
You shoot a bolt. The bolt hits the vampire!
The bolt burns the vampire.
The vampire is severely damaged.
The vampire casts a spell.
The vampire flickers and vanishes!
Fire: t) +7 arbalest (flame)
Press: ? - help, Q - select action, (/) - cycle Shift-Dir - straight line, f - you Really target yourself? [Y]es or [N]o only, please.
Really target yourself? [Y]es or [N]o only, please.
Really target yourself? [Y]es or [N]o only, please.
Really target yourself? [Y]es or [N]o only, please.
Really target yourself?
Okay, then.
Fire: t) +7 arbalest (flame)
Press: ? - help, Q - select action, (/) - cycle Shift-Dir - straight line You shoot a bolt.
Unknown command.
Fire: t) +7 arbalest (flame)
Press: ? - help, Q - select action, (/) - cycle Shift-Dir - straight line, f - you
Okay, then.
A briar patch grows up from the ground. x7
Your +7 arbalest of flaming stops flaming.
You feel clever.
k - the +9 trident of Fear (weapon)
{vorpal, rPois rF+ Int+4} Something hits you but does no damage.
Something bites you!
* * * LOW HITPOINT WARNING * * *
Something draws strength from your injuries!
A manticore comes into view.
You barely miss something. Something draws life force from you!
You die...
Fedhas appreciates your contribution to the ecosystem.

#....{.# #... #####..#
*,,, #..# *,,,
#..###********,,,
#.....,,,,,,,,,,,
#.....,,,,,,,,,,,
*#####.....,,,,,,,,,,,
*...P{P....,,,,,,,,,**
*...P@P....,,******,*,
*...PPP....,,* *,+,
*..........,,* *,*,
*#####..H.,,,* *,*,
*....,,,* *,*,
*,,,,,,,* *,*+
*,,,,,,,******,,,
**,,,,,,,,,,,,,,,
*,,,,,,,,,,,,,,,


You could see a manticore (wandering).

Vanquished Creatures
  A hydra (D:11)
  A boulder beetle (D:11)
  A two-headed ogre (D:12)
  Pikel (D:9)
  A cyclops (D:11)
  2 komodo dragons (D:11)
  An unseen horror (D:11)
  A hornet (D:9)
  2 trolls
  3 slime creatures (D:8)
  Sigmund (D:6)
  A shadow (D:11)
  4 yaks (D:10)
  A vampire (D:10)
  A wyvern (D:7)
  A basilisk (D:6)
  2 steam dragons (D:8)
  A vampire mosquito (D:11)
  An acid dragon (D:12)
  2 wargs (D:10)
  5 water moccasins
  An ice beast (D:7)
  5 orc warriors
  A sky beast (D:7)
  3 black bears
  An ogre (D:4)
  3 centaurs
  A lemure (D:9)
  3 phantoms
  4 kobold brigands
  2 necrophages
  6 scorpions
  6 bullfrogs
  4 wights (D:7)
  10 killer bees (D:10)
  A howler monkey (D:9)
  2 hounds
  A gnoll bouda (D:5)
  6 orc priests
  2 iguanas
  Natasha (twice) (D:4)
  10 orc wizards
  11 mummies (Ossuary)
  8 adders
  11 gnolls
  A shadow imp (D:7)
  2 white imps
  4 dart slugs
  45 orcs
  7 endoplasms
  6 giant cockroaches
  6 goblins
  8 hobgoblins
  A quokka (D:3)
  6 ball pythons
  5 bats
  4 frilled lizards
  A gnoll skeleton (Ossuary)
  3 goblin skeletons (Ossuary)
  21 kobolds
  2 kobold skeletons (Ossuary)
  2 orc skeletons (Ossuary)
  8 rats
  10 rat skeletons (Ossuary)
280 creatures vanquished.

Vanquished Creatures (collateral kills)
  2 unseen horrors
  A vampire mosquito (D:11)
  Natasha (D:4)
  A rat skeleton (Ossuary)
  12 ballistomycete spores
17 creatures vanquished.

Vanquished Creatures (others)
  3 ballistomycete spores (D:8)
  43 fungi (D:11)
  45 plants
91 creatures vanquished.

Grand Total: 388 creatures vanquished

Notes
Turn   | Place    | Note
-------+----------+-------------------------------------------
     0 | D:1      | xian the Kobold Hunter began the quest for the Orb.
     0 | D:1      | Reached XP level 1. HP: 12/12 MP: 1/1
   129 | D:1      | Reached XP level 2. HP: 14/17 MP: 2/2
   401 | D:1      | Found a faded altar of an unknown god.
   605 | D:1      | Reached skill level 6 in Ranged Weapons
   903 | D:1      | Reached XP level 3. HP: 22/22 MP: 3/3
  1226 | D:2      | Found an ornate altar of the Wu Jian Council.
  1444 | D:2      | You fall into a shaft and drop 2 floors!
  1453 | D:4      | Reached XP level 4. HP: 24/27 MP: 4/4
  1489 | D:4      | Found a staircase to the Ecumenical Temple.
  1508 | Temple   | Entered the Ecumenical Temple
  1580 | Temple   | Became a worshipper of Fedhas Madash
  1921 | D:2      | Reached skill level 7 in Ranged Weapons
  2035 | D:3      | Noticed a scorpion
  2047 | D:3      | Killed a scorpion
  2048 | D:3      | Reached XP level 5. HP: 25/32 MP: 5/5
  2652 | D:3      | Reached * piety under Fedhas
  2875 | D:3      | Found a glowing golden altar of the Shining One.
  2889 | D:3      | Found a white marble altar of Elyvilon.
  2898 | D:3      | Found an iron altar of Okawaru.
  2901 | D:3      | Found a sacrificial altar of Ru.
  3135 | D:4      | Reached skill level 8 in Ranged Weapons
  3135 | D:4      | Reached skill level 1 in Armour
  3135 | D:4      | Reached XP level 6. HP: 37/37 MP: 6/6
  3155 | D:4      | Noticed an ogre
  3169 | D:4      | Killed an ogre
  3416 | D:4      | Noticed Natasha
  3419 | D:4      | Killed Natasha
  3420 | D:4      | Reached XP level 7. HP: 41/41 MP: 7/7
  3610 | D:4      | HP: 2/42 [orc/+0 short sword (4)]
  3965 | D:4      | Reached skill level 9 in Ranged Weapons
  4015 | D:4      | Found Awnuots's Serpentskin Sales.
  4015 | D:4      | Noticed a water moccasin
  4023 | D:5      | Entered Level 5 of the Dungeon
  4030 | D:5      | Gained mutation: You are somewhat resistant to further
                  | mutation. [potion of mutation]
  4030 | D:5      | Gained mutation: Your muscles are strong. (Str +4, Int/Dex
                  | -1) [potion of mutation]
  4043 | D:5      | Killed a water moccasin
  4058 | D:5      | Reached ** piety under Fedhas
  4059 | D:5      | Reached skill level 1 in Short Blades
  4507 | D:4      | Noticed Natasha
  4514 | D:4      | Killed Natasha
  4786 | D:4      | Noticed Natasha
  4791 | D:4      | Killed Natasha
  4792 | D:4      | Reached XP level 8. HP: 48/48 MP: 4/8
  5189 | D:5      | Reached skill level 10 in Ranged Weapons
  5831 | D:5      | Reached skill level 5 in Fighting
  6207 | D:6      | Reached skill level 11 in Ranged Weapons
  6288 | D:5      | Reached XP level 9. HP: 12/54 MP: 9/9
  6701 | D:6      | Reached skill level 12 in Ranged Weapons
  6968 | D:6      | Noticed Sigmund
  6972 | D:6      | Killed Sigmund
  6998 | D:6      | Reached *** piety under Fedhas
  7948 | D:7      | Reached skill level 13 in Ranged Weapons
  8151 | D:7      | Identified the +9 trident of Fear {vorpal, rPois rF+ Int+4}
  8421 | D:7      | Reached XP level 10. HP: 6/55 MP: 7/10
  8797 | D:8      | Identified a scroll of acquirement
  8797 | D:8      | Acquired the +7 Kryia's mail coat {PotionHeal*2 rC+}
  8797 | D:8      | Found the +7 Kryia's mail coat {PotionHeal*2 rC+}
  8934 | D:8      | Found Weth's Antique Armour Emporium.
  8946 | D:8      | Reached skill level 1 in Invocations
  8953 | D:8      | Reached skill level 14 in Ranged Weapons
  8953 | D:8      | Reached skill level 5 in Dodging
  8972 | D:8      | Identified the +1 pair of gloves "Foego" {Str+4}
  9356 | D:8      | Found a sand-covered staircase.
  9361 | Ossuary  | Entered an ossuary
  9673 | Ossuary  | Reached **** piety under Fedhas
  9696 | Ossuary  | Acquired a +7 arbalest of flaming
 10016 | D:8      | Reached skill level 15 in Ranged Weapons
 11144 | D:9      | Noticed Pikel
 11149 | D:9      | Killed Pikel
 11150 | D:9      | Reached XP level 11. HP: 67/67 MP: 12/12
 11688 | D:10     | Entered Level 10 of the Dungeon
 11702 | D:10     | Reached skill level 16 in Ranged Weapons
 11796 | D:10     | Found a staircase to the Orcish Mines.
 12032 | D:10     | Reached ***** piety under Fedhas
 12038 | D:10     | Reached skill level 5 in Armour
 12400 | D:10     | Reached skill level 1 in Polearms
 12783 | D:10     | Found Jafaipp's Weapon Shop.
 12990 | D:11     | Noticed a seven-headed hydra
 12994 | D:11     | Killed a seven-headed hydra
 13225 | D:11     | Noticed a boulder beetle
 13228 | D:11     | Reached skill level 17 in Ranged Weapons
 13652 | D:11     | Noticed a boulder beetle
 13697 | D:12     | HP: 1/68 [vampire mosquito (4)]
 13706 | D:11     | HP: 3/68 [something (1)]
 13766 | D:11     | HP: 3/68 [boulder beetle (13)]
 13767 | D:11     | Killed a boulder beetle
 14113 | D:11     | Found a staircase to the Lair.
 14161 | D:11     | Reached XP level 12. HP: 47/73 MP: 14/14
 14390 | D:11     | Found a runed translucent door.
 14527 | D:12     | Noticed a two-headed ogre
 14531 | D:12     | Killed a two-headed ogre
 14616 | D:12     | HP: 1/74 [something (10)]
 14617 | D:12     | Killed from afar by a vampire

Illustrated notes

Levels and vault maps discovered:
D:1:      roderic_crop_circles_arrival_small, layout_loops_ring,
          shapermc_ecumenical_altar_venn
D:2:      layout_loops_ring, basic_altar
D:3:      layout_loops_ring, grunt_temple_overflow_cloverleaf,
          kennysheep_generic_room_2
D:4:      minmay_recursive_quarters, layout_basic,
          minmay_temple_entry_purple_smoke, guppyfry_shop_venom, uniq_natasha
D:5:      layout_cave_pools
D:6:      layout_basic, uniq_sigmund
D:7:      layout_cave_pools
D:8:      layout_basic, enter_ossuary_5, serial_shops, shop,
          corexii_hall_statues_s
D:9:      layout_basic, kennysheep_generic_room_10, uniq_pikel
D:10:     layout_basic, david_orc_1_choice, serial_shops, kennysheep_mini_moat
D:11:     layout_roguey, due_lair_maze_entry_diamond, serial_curves,
          eino_curves_03, eino_curves_02, eino_curves_03, eino_curves_01,
          lightli_airlock, uniq_sonja
D:12:     layout_irregular_city, gauntlet_entry_generic
Temple:   regret_index_temple_chain_breaker

Skill      XL: |  1  2  3  4  5  6  7  8  9 10 11 |
---------------+----------------------------------+-----
Ranged Weapons | 6 7 8 9 11 13 15 17 | 17.7
Fighting       | 3 4 5 6 7 8 |  8.2
Armour         | 1 2 3 4 6 |  6.6
Dodging        | 3 4 5 6 |  6.2
Stealth        | 2 3 4 |  4.0
Short Blades   | 2 3 |  3.0
Invocations    | 2 3 |  3.2
Polearms       | 1 |  1.8

Action                   |  1- 3 |  4- 6 |  7- 9 | 10-12 || total
-------------------------+-------+-------+-------+-------++-------
Melee: Dagger            |       |       |   109 |       ||   109
       Trident           |       |       |     5 |    44 ||    49
       Punch             |       |       |     1 |       ||     1
 Fire: Shortbow          |    74 |    90 |   254 |    85 ||   503
       Arbalest          |       |       |       |   181 ||   181
Invok: Wall of Briars    |       |       |     3 |     9 ||    12
       Grow Ballistomyce |       |       |       |     5 ||     5
Evoke: Wand              |       |       |       |     2 ||     2
  Use: Scroll            |       |     8 |     8 |    14 ||    30
       Potion            |       |     2 |     5 |     6 ||    13
 Stab: Sleeping          |       |       |     3 |       ||     3
       Invisible         |       |       |     1 |       ||     1
       Confused          |       |       |       |     1 ||     1
Armor: Leather armour    |     9 |     3 |       |       ||    12
       Ring mail         |       |     6 |    73 |     1 ||    80
       Scale mail        |       |       |       |   139 ||   139
Dodge: Dodged            |    34 |    47 |   260 |   179 ||   520

Table legend: (Time is in decaauts)
 A = Elapsed time spent in this place.
 B = Non-inter-level travel time spent in this place.
 C = Inter-level travel time spent in this place.
 D = Time resting spent in this place.
 E = Time spent auto-exploring this place.
 F = Levels seen in this place.
 G = Mean time per level.
                   A        B        C        D        E       F      G
               +--------+--------+--------+--------+--------+-----+--------+
         Total |  14713 |  14400 |    313 |    868 |  11168 |  14 | 1050.9 |
       Dungeon |  14176 |  13872 |    304 |    868 |  10798 |  12 | 1181.3 |
        Temple |     82 |     73 |      9 |      0 |     59 |   1 |   82.0 |
       Ossuary |    454 |    454 |      0 |      0 |    311 |   1 |  454.0 |
               +--------+--------+--------+--------+--------+-----+--------+

Top non-repeatable levels by time:
     D:4: 1709 daAuts
    D:10: 1618 daAuts
     D:5: 1558 daAuts
     D:6: 1383 daAuts
     D:8: 1285 daAuts
     D:7: 1268 daAuts
    D:11: 1239 daAuts
     D:3: 1178 daAuts
     D:1: 1087 daAuts
     D:9: 1069 daAuts
     D:2: 675 daAuts
 Ossuary: 454 daAuts
    D:12: 101 daAuts
  Temple: 82 daAuts
